 Dungeon Crawl Stone Soup version 0.19-a0-854-gc78d25d (webtiles) character file.

1986 Implojin the Cleaver (level 9, -4/74 HPs)
             Began as a Minotaur Fighter on July 1, 2016.
             Was a Believer of Cheibriados.
             Slain by a komodo dragon (20 damage)
             ... on level 2 of the Lair of Beasts.
             The game lasted 00:11:39 (1759 turns).

Implojin the Cleaver (Minotaur Fighter)             Turns: 1759, Time: 00:11:40

Health: -4/74      AC: 11    Str: 35    XL:     9   Next: 1%
Magic:  8/8        EV:  6    Int: 11    God:    Cheibriados [**....]
Gold:   0          SH: 11    Dex: 19    Spells: 0 memorised, 8 levels left

rFire  . . .     SeeInvis .     a - +0 war axe
rCold  . . .     Gourm    .     t - +0 chain mail
rNeg   . . .     Faith    .     c - +0 shield
rPois  .         Spirit   .     (helmet restricted)
rElec  .         Dismiss  .     (no cloak)
rCorr  .         Reflect  .     B - +0 pair of gloves {Str+3}
SustAt .         Harm     .     E - +0 pair of boots
MR     .....                    (no amulet)
Stlth  ..........               (no ring)
                                (no ring)

@: mighty, slowed, very slow, not resistant to hostile enchantments, extremely
unstealthy
A: retaliatory headbutt, horns 2
a: Bend Time, Renounce Religion


You were on level 2 of the Lair of Beasts.
You worshipped Cheibriados.
Cheibriados was pleased with you.
You were hungry.

You visited 3 branches of the dungeon, and saw 12 of its levels.
You also visited: Sewer.

Inventory:

Hand Weapons
 a - a +0 war axe (weapon)
 o - a +0 battleaxe
 x - a cursed -3 short sword
Missiles
 g - a throwing net (quivered)
Armour
 b - a +0 scale mail
 c - a +0 shield (worn)
 t - a +0 chain mail (worn)
 B - a +0 pair of gloves of strength (worn)
 E - a +0 pair of boots (worn)
Jewellery
 d - a -2 ring of protection
Scrolls
 k - 2 scrolls of amnesia {unknown}
 p - a scroll of blinking
 q - 3 scrolls of remove curse
 r - a scroll of enchant weapon {unknown}
 u - a scroll of fear {unknown}
 v - a scroll of noise {unknown}
 w - a scroll of teleportation {unknown}
 y - a scroll of random uselessness {unknown}
 D - a scroll of summoning {unknown}
 F - a scroll of enchant armour {unknown}
Potions
 e - 3 potions of curing
 j - a potion of cure mutation
 m - a potion of degeneration
 n - 3 potions of heal wounds
 z - 2 potions of brilliance
 A - a potion of might
Books
 C - an Akashic Record

   Spells                             Type                      Level
   a - Dispersal                      Translocation                6
   b - Malign Gateway                 Summoning/Translocation      7
   c - Disjunction                    Translocation                8
   d - Controlled Blink               Translocation                8
Comestibles
 f - 4 bread rations
 h - 3 slices of pizza
 i - 3 meat rations
 s - a royal jelly


   Skills:
 * Level 5.5 Fighting
 - Level 13.1 Axes
 - Level 3.6 Armour
 - Level 3.6 Shields


You had 8 spell levels left.
You didn't know any spells.

Dungeon Overview and Level Annotations

Branches:
Dungeon (9/15)             Temple (1/1) D:5            Lair (2/6) D:9
  Swamp: Lair:2-4    Shoals: Lair:2-4     Snake: Lair:2-4    Spider: Lair:2-4
    Orc: D:9-12

Altars:
Ashenzari
Cheibriados
Fedhas
Gozag
Hepliaklqana
Kikubaaqudgha
Makhleb
Nemelex Xobeh
Pakellas
Qazlal
Ru
Sif Muna
Trog
Yredelemnul
Zin

Shops:
D:4 ?


Innate Abilities, Weirdness & Mutations

You reflexively headbutt those who attack you in melee.
You have a pair of horns on your head.


Message History

The komodo dragon is heavily wounded.
You slash the yak! You slice the yak!! The yak gores you!
The yak barely misses you. You furiously retaliate!
You headbutt the yak!
You kill the yak!
Cheibriados appreciates the change of pace.
Your Axes skill increases to level 13!
You have reached level 9!
Your experience leads to an increase in your attributes!
Your base attributes are Str 21, Int 5, Dex 12.
Increase (S)trength, (I)ntelligence, or (D)exterity?
You feel agile. You block the komodo dragon's attack.
The yak gores you but does no damage.
A river rat comes into view.
Unknown command.
Unknown command.
You closely miss the komodo dragon.
The komodo dragon is heavily wounded.
You slash the yak! The komodo dragon barely misses you.
You block the yak's attack. The yak gores you but does no damage.
Unknown command.
You completely miss the komodo dragon.
The komodo dragon is heavily wounded.
You hit the yak. You slash the yak! The komodo dragon bites you.
You block the yak's attack. The komodo dragon bites you!!
* * * LOW HITPOINT WARNING * * *
The river rat closely misses you. You furiously retaliate!
You headbutt the river rat!
You kill the river rat!
Cheibriados thoroughly appreciates the change of pace.
Unknown command.
Unknown command.
You slash the komodo dragon!
You headbutt the komodo dragon, but do no damage.
The komodo dragon is almost dead.
You hit the torpor snail but do no damage.
Your shield and chain mail prevent you from hitting the yak.
You barely miss the yak. The yak gores you!
* * * LOW HITPOINT WARNING * * *
You block the yak's attack. The komodo dragon bites you!!
You die...

..###.#.###.........
...P.+..P#.#........
............<.......
....................
....................
..>....<............
..#.PP.+##..........
#...>.............
#....l@YY$....P..#
......rwY........#.
..#...r.....#...##.
........r.%.....#
...........#.....
...........#...##
.####.....## ..
.......


You could see a torpor snail, a komodo dragon, 3 yaks and 3 river rats.

Vanquished Creatures
  Grinder (Sewer)
  The ghost of sugabear the Ducker, an amateur VSGl of Uskayaw (D:5)
  3 yaks
  A hungry ghost (D:9)
  A black bear (D:4)
  A necrophage (D:8)
  A crocodile (D:9)
  A big kobold (Sewer)
  A giant frog (D:6)
  A scorpion (D:9)
  A giant frog zombie (D:6)
  3 hounds
  A quasit (Sewer)
  A giant frog skeleton (D:4)
  2 orc wizards (D:4)
  2 worker ants
  4 big kobold zombies (Sewer)
  A hound zombie (D:7)
  A hound skeleton (D:4)
  A worker ant zombie (D:6)
  8 adders
  2 river rats
  2 shadow imps
  An ufetubus (Sewer)
  3 oozes (Sewer)
  An adder zombie (D:5)
  An adder skeleton (D:5)
  2 worms
  A dart slug (D:2)
  4 giant geckos
  13 orcs
  A ball python (D:4)
  5 bats
  A bat zombie (Sewer)
  3 giant cockroaches
  2 goblins
  A hobgoblin (D:2)
  5 quokkas
  A giant cockroach zombie (Sewer)
  A giant gecko zombie (D:6)
  13 kobolds
  6 rats
  3 fungi (D:9)
109 creatures vanquished.

Vanquished Creatures (others)
  An ooze (Sewer)
  A kobold zombie (Sewer)
  A fungus (D:9)
3 creatures vanquished.

Grand Total: 112 creatures vanquished

Notes
Turn   | Place    | Note
-------+----------+-------------------------------------------
     0 | D:1      | Implojin the Minotaur Fighter began the quest for the Orb.
     0 | D:1      | Reached XP level 1. HP: 19/19 MP: 0/0
    56 | D:2      | Reached skill level 3 in Axes
    56 | D:2      | Reached XP level 2. HP: 26/26 MP: 1/1
   197 | D:2      | Reached skill level 4 in Axes
   261 | D:2      | Reached XP level 3. HP: 22/31 MP: 2/2
   317 | D:4      | Found Ykellus's Magic Scroll Boutique.
   330 | D:4      | Noticed a black bear
   337 | D:4      | Killed a black bear
   337 | D:4      | Reached skill level 6 in Axes
   337 | D:4      | Reached XP level 4. HP: 31/39 MP: 3/3
   337 | D:4      | Reached XP level 5. HP: 36/45 MP: 4/4
   384 | D:4      | Found a shattered altar of Ashenzari.
   435 | D:4      | Reached skill level 7 in Axes
   450 | D:4      | Found an opulent altar of Gozag.
   546 | D:4      | Reached XP level 6. HP: 17/51 MP: 5/5
   584 | D:5      | Entered Level 5 of the Dungeon
   584 | D:5      | Found a staircase to the Ecumenical Temple.
   592 | Temple   | Entered the Ecumenical Temple
   594 | Temple   | Reached skill level 8 in Axes
   804 | Temple   | Became a worshipper of Cheibriados the Contemplative
  1018 | D:5      | Noticed sugabear's ghost (amateur VSGl)
  1023 | D:5      | Killed sugabear's ghost
  1023 | D:5      | Reached skill level 9 in Axes
  1023 | D:5      | Reached XP level 7. HP: 57/57 MP: 6/6
  1144 | D:6      | Found a glowing drain.
  1148 | Sewer    | Entered a sewer
  1159 | Sewer    | Reached * piety under Cheibriados
  1248 | Sewer    | Found a burning altar of Makhleb.
  1249 | Sewer    | Reached skill level 10 in Axes
  1298 | Sewer    | Noticed Grinder
  1304 | Sewer    | Paralysed by Grinder for 3 turns
  1328 | Sewer    | Killed Grinder
  1328 | Sewer    | Reached skill level 5 in Fighting
  1328 | Sewer    | Reached XP level 8. HP: 16/69 MP: 7/7
  1354 | Sewer    | Reached ** piety under Cheibriados
  1490 | D:8      | Reached skill level 11 in Axes
  1660 | D:9      | Reached skill level 12 in Axes
  1670 | D:9      | Found a staircase to the Lair.
  1692 | Lair:1   | Entered Level 1 of the Lair of Beasts
  1751 | Lair:2   | Noticed a komodo dragon
  1752 | Lair:2   | Noticed a torpor snail
  1756 | Lair:2   | Reached skill level 13 in Axes
  1756 | Lair:2   | Reached XP level 9. HP: 49/74 MP: 8/8
  1759 | Lair:2   | Slain by a komodo dragon

Vault maps used:
D:1:      dpeg_arrival_shrine
D:2:      fiery_altar_vehumet
D:4:      kennysheep_mini_moat, serial_shops, shop, cheibrodos_ashenzari_chains
D:5:      first_bread
D:6:      nicolae_overflow_hidden_temple, gammafunk_temple_overflow_wave,
          gup_sewer_entry_bowl
D:7:      marbit_many_paths, kennysheep_flooded_box, the_bakery
D:8:      amethyst_overflow_temple_binary, uniq_erica
D:9:      due_lair_maze_entry_diamond
Temple:   minmay_temple_curvy_branch
Lair:2:   minmay_shoals_entry_centaurs, spider_nest_entry_funnel_web,
          beast_lair_carwin_2
Sewer:    kennysheep_sewer_church

Skill      XL: |  1  2  3  4  5  6  7  8 |
---------------+-------------------------+-----
Axes           | 3 4 6 7 9 10 13 | 13.1
Fighting       | 5 |  5.5
Armour         | |  3.6
Shields        | |  3.6

Action                   |  1- 3 |  4- 6 |  7- 9 || total
-------------------------+-------+-------+-------++-------
Melee: War axe           |    35 |    79 |   149 ||   263
       Headbutt          |     6 |    11 |    36 ||    53
  Use: Potion            |     1 |     2 |     2 ||     5
       Scroll            |       |       |     6 ||     6
  Eat: Chunk             |       |     1 |     3 ||     4
Armor: Scale mail        |    31 |    28 |       ||    59
       Chain mail        |       |       |    56 ||    56
Dodge: Dodged            |    20 |    19 |    36 ||    75
Block: Shield            |    32 |    54 |    85 ||   171

Table legend:
 A = Turns spent in this place as a percentage of turns spent in the entire game.
 B = Non-inter-level travel turns spent in this place as a percentage of non-inter-level travel turns spent in the entire game.
 C = Inter-level travel turns spent in this place as a percentage of turns spent in this place.
 D = Turns resting spent in this place as a percentage of non-inter-level travel turns spent in this place.
 E = Turns spent auto-exploring this place as a percentage of non-inter-level travel turns spent in this place.
 F = Non-inter-level travel turns spent in this place divided by the number of levels of this place that you've seen.
                   A       B       C       D       E      F
               +-------+-------+-------+-------+-------+----------------------
         Total | 100.0 | 100.0 |   0.0 |   0.0 |   0.0 | 141.5
       Dungeon |  68.7 |  68.7 |   0.0 |   0.0 |   0.0 | 140.3
        Temple |  13.3 |  13.3 |   0.0 |   0.0 |   0.0 | 244.0
          Lair |   4.4 |   4.4 |   0.0 |   0.0 |   0.0 |  40.5
         Sewer |  13.6 |  13.6 |   0.0 |   0.0 |   0.0 | 251.0
               +-------+-------+-------+-------+-------+----------------------

Table legend:
 A = Kills in this place as a percentage of kills in entire the game.
 B = Kills by you in this place as a percentage of kills by you in the entire game.
 C = Kills by friends in this place as a percentage of kills by friends in the entire game.
 D = Other kills in this place as a percentage of other kills in the entire game.
 E = Experience gained in this place as a percentage of experience gained in the entire game.
 F = Experience gained in this place divided by the number of levels of this place that you have seen.
                   A       B       C       D       E      F
               +-------+-------+-------+-------+-------+----------------------
         Total | 100.0 | 100.0 |  -nan |  -nan | 100.0 | 218.3
       Dungeon |  69.8 |  69.8 |  -nan |  -nan |  61.6 | 194.3
        Temple |   0.9 |   0.9 |  -nan |  -nan |   0.4 |  11.0
          Lair |   2.8 |   2.8 |  -nan |  -nan |  15.6 | 221.0
         Sewer |  26.4 |  26.4 |  -nan |  -nan |  22.4 | 636.0
               +-------+-------+-------+-------+-------+----------------------
